 Dungeon Crawl Stone Soup version 0.29-a0-973-gac7da5f7f0 (webtiles) character file.

Game seed: 12473195898496686940

13097 mandarbmax the Fighter (level 11, -2/104 HPs)
             Began as a Grey Draconian Conjurer on July 31, 2022.
             Was an Initiate of Gozag.
             Slain by a minotaur
             ... wielding a staff of death
              (7 damage)
             ... in a Gauntlet.
             The game lasted 01:04:00 (13887 turns).

mandarbmax the Fighter (Grey Draconian Conjurer)   Turns: 13887, Time: 01:04:01

Health: -2/104     AC: 20    Str: 10    XL:     11   Next: 71%
Magic:  4/18       EV: 13    Int: 32    God:    Gozag
Gold:   1537       SH: 10    Dex: 12    Spells: 5/20 levels left

rFire   + + .      SeeInvis +   i - +8 lance "Wyrmbane" {slay drac, rPois rF+ rC+ AC+3}
rCold   + . .      Faith    .   c - +0 buckler
rNeg    . . .      Spirit   .   (body armour unavailable)
rPois   +          Reflect  +   G - +2 hat {Stlth+}
rElec   .          Harm     .   K - +0 cloak {Will+}
rCorr   .          Rampage  .   w - +1 pair of gloves
Will    +....      Rage     3%  (no boots)
Stlth   +++....... NoTele   +   B - amulet of reflection
HPRegen 0.27/turn               F - +6 ring of intelligence
MPRegen 0.16/turn               L - +6 ring of intelligence

@: attractive, flying, hasted, very quick
A: AC +12, amphibious, unfitting armour, cold-blooded, see invisible, berserk 1,
fire resistance 1
a: Renounce Religion, Potion Petition, Call Merchant, Bribe Branch


You were in a Gauntlet.
You worshipped Gozag.
Gozag was most pleased with you.
You visited 2 branches of the dungeon, and saw 12 of its levels.
You also visited: Gauntlet.

You collected 1624 gold pieces.
You paid 87 gold pieces to Gozag.

Inventory:

Hand Weapons
 i - the +8 lance "Wyrmbane" (weapon) {slay drac, rPois rF+ rC+ AC+3}
   (You found it in a Gauntlet)

   It inflicts extra damage against dragons and draconians.
   AC:        It affects your AC (+3).
   rF:        It protects you from fire.
   rC:        It protects you from cold.
   rPois:     It protects you from poison.
 p - a +3 whip of electrocution
 E - a +5 quarterstaff of chaos
Missiles
 e - 8 silver boomerangs
Armour
 c - a +0 buckler (worn)
 w - a +1 pair of gloves (worn)
 G - a +2 hat of stealth (worn)
 K - a +0 cloak of willpower (worn)
Jewellery
 d - a ring of willpower
 t - a ring of protection from fire
 u - an amulet of regeneration
 B - an amulet of reflection (around neck)
 F - a +6 ring of intelligence (left hand)
 L - a +6 ring of intelligence (right hand)
 M - a ring of protection from fire
 R - the ring of Wiyrom {Contam rF+ rC+ Will+ Str+6}
   (You found it in a Gauntlet)

   [ring of strength]

   Str:       It affects your strength (+6).
   rF:        It protects you from fire.
   rC:        It protects you from cold.
   Contam:    It causes magical contamination when unequipped.
   Will:      It increases your willpower.
Wands
 q - a wand of polymorph (4)
 s - a wand of charming (6)
 H - a wand of iceblast (18)
 N - a wand of mindburst (1)
 O - a wand of digging (8)
Scrolls
 b - a scroll of amnesia {unknown}
 f - a scroll of silence
 g - 2 scrolls of brand weapon
 h - a scroll of noise {unknown}
 l - a scroll of poison
 m - a scroll of magic mapping
 o - 2 scrolls of fear {unknown}
 r - a scroll of vulnerability
 v - 6 scrolls of blinking
 y - 3 scrolls of teleportation
 D - a scroll of enchant weapon
 J - 2 scrolls of fog
Potions
 a - a potion of magic
 j - 5 potions of curing
 k - a potion of heal wounds
 n - a potion of might
 z - a potion of cancellation
 A - a potion of lignification
 C - a potion of attraction
 I - a potion of flight
 Q - a potion of haste
Miscellaneous
 P - a tin of tremorstones (inert)


   Skills:
 - Level 12.0 Fighting
 + Level 5.8 Dodging
 - Level 1.7 Stealth
 - Level 4.0 Shields
 - Level 5.0 Spellcasting
 - Level 10.0 Conjurations
 - Level 5.0 Hexes
 - Level 5.0 Translocations
 + Level 4.3 Evocations


You had 5 spell levels left.
You knew the following spells:

 Your Spells              Type           Power      Damage    Failure   Level
a - Magic Dart            Conj           100%       1d8       1%          1
b - Searing Ray           Conj           100%       2d8       1%          2
c - Beastly Appendage     Tmut           16%        N/A       6%          1
d - Fulminant Prism       Conj/Hex       27%        3d14      3%          4
e - Iskenderun's Mystic   Conj/Tloc      54%        2d12      3%          4
f - Ozocubu's Armour      Ice            8%         N/A       19%         3

Your spell library contained the following spells:

 Spells                   Type           Power      Damage    Failure   Level
 Apportation              Tloc           80%        N/A       1%          1
 Foxfire                  Conj/Fire      100%       2x1d9     1%          1
 Dazzling Flash           Conj/Hex       100%       N/A       1%          3
 Conjure Flame            Conj/Fire      40%        6-21      2%          3
 Gell's Gravitas          Tloc           40%        N/A       2%          3
 Teleport Other           Tloc           40%        N/A       2%          3
 Mephitic Cloud           Conj/Pois/Air  29%        N/A       4%          3
 Summon Small Mammal      Summ           32%        N/A       6%          1
 Inner Flame              Hex/Fire       24%        N/A       7%          3
 Summon Guardian Golem    Hex/Summ       24%        N/A       7%          3
 Flame Wave               Conj/Fire      40%        2d11      9%          4
 Wereblood                Tmut           8%         N/A       10%         2
 Call Canine Familiar     Summ           8%         N/A       19%         3
 Ignite Poison            Fire/Tmut/Pois 8%         N/A       19%         3
 Spider Form              Tmut/Pois      8%         N/A       19%         3
 Freezing Cloud           Conj/Ice/Air   14%        6-21      41%         5
 Metabolic Englaciation   Hex/Ice        12%        N/A       54%         5
 Alistair's Intoxication  Tmut/Pois      5%         N/A       87%         5
 Orb of Destruction       Conj           32%        9d10      65%         7
 Dispersal                Tloc           20%        N/A       77%         6
 Spellforged Servitor     Conj/Summ      20%        N/A       100%        7
 Simulacrum               Ice/Necr       Unusable   N/A       N/A         6

Dungeon Overview and Level Annotations

Branches:
Dungeon (11/15)            Temple (1/1) D:6            Lair (0/5) D:10
Gauntlet (1/1)
    Orc: D:9-12

Altars:
Ashenzari
Cheibriados
Dithmenos
Elyvilon
Fedhas
Gozag
Hepliaklqana
Kikubaaqudgha
Makhleb
Nemelex Xobeh
Okawaru
Qazlal
Ru
Sif Muna
Trog
Uskayaw
Vehumet
Wu Jian
Xom
Yredelemnul
Zin
The Shining One

Annotations:
D:8 1 runed translucent door, gdog's ghost, novice GnDe Gauntlet 6 transporters, 1 runed translucent door


Innate Abilities, Weirdness & Mutations

Your dull iron-grey scales are very hard. (AC +12)
You are amphibious.
You cannot fit into any form of body armour.
You are cold-blooded and may be slowed by cold attacks.
You have supernaturally acute eyesight. (SInv)
You sometimes lose your temper in combat.
Your flesh is heat resistant. (rF+)


Message History

The burst of rock shards engulfs you!
The tin is emptied!
The minotaur hits you but does no damage.
You writhe in agony!
* * * LOW HITPOINT WARNING * * *
The minotaur gores you but does no damage.
You feel much better.
The minotaur hits you with a staff of death!
You writhe in agony!
* * * LOW HITPOINT WARNING * * *
The minotaur gores you but does no damage.
It was a potion of attraction.
You feel attractive to monsters.
The minotaur hits you but does no damage.
You writhe in agony.
* * * LOW HITPOINT WARNING * * *
The minotaur gores you.
* * * LOW HITPOINT WARNING * * *
Okay, then.
Casting: Searing Ray (safe; 1% risk of failure)
Confirm with . or Enter, or press ? or * to list all spells.
You don't have enough magic to cast this spell.
Unknown command.
Okay, then.
You feel much better.
The minotaur hits you with a staff of death!
You writhe in agony!
The minotaur gores you but does no damage.
Okay, then.
It was a potion of flight.
You feel very buoyant.
You fly up into the air.
The minotaur barely misses you. The minotaur gores you.
Really quaff the potion of lignification?
Okay, then.
It was a potion of haste.
You feel yourself speed up.
The minotaur hits you with a staff of death!!
* * * LOW HITPOINT WARNING * * *
You writhe in agony!
You die...
Your body crumbles into a pile of gold.

#.#.#.≈##...##..
©##§#.###.⌠.##.# .#
#.#.#..##......# .#
#.#.#...#.⌠.##.##.# #
#...#.∩.#...##....#.#
#####...#.©.##.# .#.#
#.....⌠.#......# .'.
#####...#.©.##.##H#
xxXx#.∩.#...##..@.#
#.#[#...#.⌠.##.##.#
...)#..##......# .#
©.#©#.###.⌠.##.# .#
...!#.≈##...##.. .#
#.#.#.≈≈#.⌠.#### ##
....#.≈## #####.##
......≈#


You could see a minotaur.

Vanquished Creatures
  A two-headed ogre (D:10)
  2 wizards (Gauntlet)
  Pikel (D:6)
  A shining eye (Gauntlet)
  7 centaur zombies
  Maurice (D:8)
  Joseph (D:10)
  A gargoyle (D:10)
  2 centaur skeletons (D:7)
  Maggie (D:7)
  2 hellwings
  A komodo dragon (D:10)
  An unseen horror zombie (D:8)
  A hornet (D:7)
  A troll (D:9)
  Grinder (D:4)
  4 shadows
  A spriggan (D:7)
  A wraith (D:10)
  11 yaks
  A wyvern (D:9)
  A floating eye (Gauntlet)
  A sky beast (D:7)
  3 black bears
  4 centaurs
  2 lemures (D:6)
  2 phantoms
  2 kobold brigands
  5 bullfrogs
  A gnoll sergeant (D:7)
  2 necrophages
  2 scorpions
  10 wights
  3 wyvern zombies (D:8)
  9 killer bees
  A howler monkey (D:5)
  5 jellies
  6 orc priests
  Crazy Yiuf (D:6)
  2 gnoll boudas
  Ijyb (D:5)
  3 iguanas
  4 orc wizards
  A boggart skeleton (D:7)
  3 killer bee zombies (D:8)
  A howler monkey zombie (D:8)
  26 gnolls
  6 adders
  5 shadow imps
  5 white imps
  3 ufetubi
  4 dart slugs
  23 orcs
  4 bats (D:1)
  5 endoplasms
  2 giant cockroaches
  8 goblins
  10 hobgoblins
  6 jackals
  13 kobolds
  5 quokkas
  11 ball pythons
  7 frilled lizards
  5 rats
  A fulminant prism (D:6)
267 creatures vanquished.

Vanquished Creatures (others)
  4 demonic plants (Gauntlet)
  86 fulminant prisms
  4 fungi (D:6)
  11 plants
  11 withered plants
116 creatures vanquished.

Grand Total: 383 creatures vanquished

Notes
Turn   | Place    | Note
-------+----------+-------------------------------------------
     0 | D:1      | mandarbmax the Draconian Conjurer began the quest for the
                  | Orb.
     0 | D:1      | Reached XP level 1. HP: 14/14 MP: 3/3
    19 | D:1      | Noticed a snapping turtle
    19 | D:1      | Noticed a hound
    20 | D:1      | Noticed a swamp worm
    20 | D:1      | Noticed a six-headed hydra
   307 | D:1      | Reached XP level 2. HP: 20/20 MP: 3/5
  1032 | D:1      | Found a faded altar of an unknown god.
  1216 | D:1      | Reached XP level 3. HP: 26/26 MP: 4/6
  1418 | D:1      | Reached skill level 5 in Conjurations
  1467 | D:1      | Learned a level 2 spell: Searing Ray
  1846 | D:2      | Reached XP level 4. HP: 33/33 MP: 4/7
  3119 | D:3      | Reached XP level 5. HP: 38/38 MP: 3/9
  3904 | D:4      | Learned a level 1 spell: Beastly Appendage
  3941 | D:4      | Found a bloodstained altar of Trog.
  3975 | D:4      | Noticed a black bear
  3989 | D:4      | Found a shadowy altar of Dithmenos.
  4007 | D:4      | Noticed Grinder
  4012 | D:4      | Killed Grinder
  4013 | D:4      | Reached XP level 6. HP: 45/45 MP: 3/10
  4139 | D:4      | Found a shimmering altar of Xom.
  4472 | D:4      | Your scales start taking on a dull iron-grey colour.
  4472 | D:4      | Reached XP level 7. HP: 48/50 MP: 4/11
  4488 | D:4      | Learned a level 4 spell: Fulminant Prism
  4493 | D:4      | Learned a level 4 spell: Iskenderun's Mystic Blast
  4691 | D:4      | Reached skill level 1 in Translocations
  4705 | D:4      | Reached skill level 1 in Hexes
  5065 | D:5      | Entered Level 5 of the Dungeon
  5097 | D:5      | Noticed Ijyb
  5105 | D:5      | Killed Ijyb
  5528 | D:5      | Reached XP level 8. HP: 38/57 MP: 2/12
  6066 | D:6      | Found a staircase to the Ecumenical Temple.
  6079 | D:6      | Found a basalt altar of Yredelemnul.
  6120 | Temple   | Entered the Ecumenical Temple
  6166 | Temple   | Became a worshipper of Gozag Ym Sagoz the Greedy
  6317 | D:6      | Noticed Pikel
  6326 | D:6      | Killed Pikel
  7319 | D:6      | Found a runed translucent door.
  7320 | D:6      | Noticed Crazy Yiuf
  7327 | D:6      | Learned a level 3 spell: Ozocubu's Armour
  7395 | D:6      | Killed Crazy Yiuf
  7651 | D:7      | Reached XP level 9. HP: 61/62 MP: 2/15
  7827 | D:7      | Reached skill level 5 in Translocations
  7876 | D:7      | Noticed a hellwing
  7957 | D:7      | Noticed a hellwing
  8220 | D:7      | Reached skill level 10 in Conjurations
  8220 | D:7      | Reached skill level 5 in Hexes
  8348 | D:6      | Killed a hellwing
  8349 | D:6      | Reached skill level 3 in Fighting
  8367 | D:7      | Reached skill level 4 in Fighting
  8368 | D:7      | Reached skill level 5 in Fighting
  8387 | D:7      | Reached skill level 6 in Fighting
  8595 | D:7      | Killed a hellwing
  8596 | D:7      | Reached XP level 10. HP: 78/84 MP: 3/16
  8609 | D:7      | Reached skill level 7 in Fighting
  9032 | D:7      | Reached skill level 8 in Fighting
  9343 | D:7      | Found a hide-covered altar of Uskayaw.
  9765 | D:8      | Noticed Maggie
  9770 | D:8      | Reached skill level 9 in Fighting
  9781 | D:7      | Killed Maggie
 10030 | D:8      | Reached skill level 10 in Fighting
 10477 | D:8      | Found a runed translucent door.
 10478 | D:8      | Noticed gdog's ghost (novice GnDe)
 10479 | D:8      | Identified the +4 spear of the Rattlesnake {freeze, +Blink
                  | Dex+2}
 10519 | D:8      | Reached skill level 11 in Fighting
 10824 | D:8      | Noticed Maurice
 10832 | D:8      | Killed Maurice
 11130 | D:9      | Found a stormy altar of Qazlal.
 11481 | D:9      | Identified the +4 chain mail of the Lair of Beasts {rPois
                  | Slay-4 SInv}
 11557 | D:9      | Found a sacrificial altar of Ru.
 11711 | D:9      | Reached XP level 11. HP: 104/104 MP: 2/17
 11731 | D:9      | Reached skill level 1 in Shields
 11731 | D:9      | Reached skill level 1 in Evocations
 12011 | D:10     | Entered Level 10 of the Dungeon
 12258 | D:10     | Noticed a two-headed ogre
 12267 | D:10     | Found a staircase to the Lair.
 12390 | D:10     | Found a broken altar of Ashenzari.
 12451 | D:10     | Noticed Joseph
 12458 | D:10     | Killed Joseph
 12795 | D:10     | Reached skill level 12 in Fighting
 13043 | D:10     | Found a white marble altar of Elyvilon.
 13061 | D:10     | Killed a two-headed ogre
 13314 | D:11     | Reached skill level 5 in Dodging
 13316 | D:11     | Reached skill level 5 in Spellcasting
 13323 | D:11     | Found a gate leading to a gauntlet.
 13336 | Gauntlet | Entered a Gauntlet
 13336 | Gauntlet | Found a transporter.
 13336 | Gauntlet | Found a transporter.
 13339 | Gauntlet | Noticed a shining eye
 13423 | Gauntlet | Found a transporter.
 13426 | Gauntlet | Found a transporter.
 13430 | Gauntlet | Found a runed translucent door.
 13432 | Gauntlet | Found a runed translucent door.
 13434 | Gauntlet | Found a transporter.
 13446 | Gauntlet | Found a transporter.
 13448 | Gauntlet | Noticed a thrashing horror
 13458 | Gauntlet | Found a transporter.
 13471 | Gauntlet | Noticed a wizard
 13474 | Gauntlet | Found a transporter.
 13476 | Gauntlet | Found the +8 lance "Wyrmbane" {slay drac, rPois rF+ rC+
                  | AC+3}
 13478 | Gauntlet | Found a transporter.
 13479 | Gauntlet | Noticed a wizard
 13498 | Gauntlet | Found a transporter.
 13512 | Gauntlet | Found a transporter.
 13515 | Gauntlet | Found a transporter.
 13564 | Gauntlet | Gained mutation: Your spells are a little easier to cast,
                  | but a little less powerful. [a shining eye]
 13565 | Gauntlet | Gained mutation: Your body sometimes deteriorates upon
                  | taking damage. [a shining eye]
 13569 | Gauntlet | Gained mutation: You occasionally lose the ability to drink
                  | potions when taking damage. [a shining eye]
 13570 | Gauntlet | Killed a shining eye
 13584 | Gauntlet | Lost mutation: Your spells are a little easier to cast, but
                  | a little less powerful. [potion of mutation]
 13584 | Gauntlet | Lost mutation: Your body sometimes deteriorates upon taking
                  | damage. [potion of mutation]
 13584 | Gauntlet | Gained mutation: Your spells are a little easier to cast,
                  | but a little less powerful. [potion of mutation]
 13584 | Gauntlet | Gained mutation: Your flesh is cold resistant. (rC+)
                  | [potion of mutation]
 13585 | Gauntlet | Lost mutation: You occasionally lose the ability to drink
                  | potions when taking damage. [potion of mutation]
 13585 | Gauntlet | Lost mutation: Your flesh is cold resistant. (rC+) [potion
                  | of mutation]
 13585 | Gauntlet | Lost mutation: Your spells are a little easier to cast, but
                  | a little less powerful. [potion of mutation]
 13585 | Gauntlet | Gained mutation: You sometimes lose your temper in combat.
                  | [potion of mutation]
 13585 | Gauntlet | Gained mutation: You have supernaturally acute eyesight.
                  | (SInv) [potion of mutation]
 13585 | Gauntlet | Gained mutation: Your flesh is heat resistant. (rF+)
                  | [potion of mutation]
 13738 | Gauntlet | Killed a wizard
 13744 | Gauntlet | Killed a wizard
 13851 | Gauntlet | Identified the ring of Wiyrom {Contam rF+ rC+ Will+ Str+6}
 13869 | Gauntlet | Noticed a minotaur
 13887 | Gauntlet | HP: 5/104 [minotaur/staff of death (27)]
 13887 | Gauntlet | Slain by a minotaur

Illustrated notes

Levels and vault maps discovered:
D:1:      onia_arrival_zoo_common, layout_loops_ring,
          shapermc_ecumenical_altar_hornbeckon, roderic_lattice_a
D:2:      layout_basic, minmay_cupped
D:3:      layout_basic, minmay_checkerbox
D:4:      minmay_chambers_of_fours, layout_cave_pools,
          mainiacjoe_overflow_concentric_impassable,
          mainiacjoe_overflow_chevrons, mainiacjoe_overflow_six_doors_small,
          uniq_grinder
D:5:      layout_basic, uniq_ijyb
D:6:      layout_loops_cross, mainiacjoe_overflow_tiny_flanked, temple_pool_b,
          grunt_decor_mini_mirrors, uniq_pikel, uniq_crazy_yiuf_cottage
D:7:      cheibrodos_grave_circle, layout_cave_pools,
          mainiacjoe_overflow_small_starburst, the_hattery
D:8:      layout_cave_pools, ebering_ghost_funeral_grove, serial_undead,
          serial_undead_d, serial_undead_f, serial_undead_c, serial_undead_b,
          serial_undead_d, serial_undead_b, serial_undead_a, serial_undead_d,
          serial_undead_a, serial_undead_b, uniq_maggie, uniq_maurice
D:9:      layout_irregular_city, grunt_qazlal_sundering, hangedman_ru_absence
D:10:     layout_rooms, mainiacjoe_overflow_alcove_2,
          mainiacjoe_overflow_alcove_1, dpeg_oklobed_lair, glass_columns_a,
          grunt_ministairs_14, uniq_joseph
D:11:     layout_gridville, gauntlet_entry_generic
Temple:   nicolae_temple_ecumenical_triangle
Gauntlet: minmay_gauntlet_77_indecision [minmay_gauntlet_arena_77_mess,
          minmay_gauntlet_arena_77_mirror, minmay_gauntlet_arena_77_cramped,
          minmay_gauntlet_arena_77_checkered, minmay_gauntlet_arena_77_museum,
          minmay_gauntlet_arena_77_two_paths, gauntlet_exit_watery]

Skill      XL: |  1  2  3  4  5  6  7  8  9 10 11 |
---------------+----------------------------------+-----
Dodging        | 2 4 5 |  5.8
Conjurations   | 5 7 8 9 10 | 10.0
Spellcasting   | 3 4 5 |  5.0
Translocations | 2 4 5 |  5.0
Hexes          | 2 4 5 |  5.0
Fighting       | 6 11 12 | 12.0
Shields        | 4 |  4.0
Evocations     | 4 |  4.3
Stealth        | |  1.7

Action                   |  1- 3 |  4- 6 |  7- 9 | 10-12 || total
-------------------------+-------+-------+-------+-------++-------
Melee: Mace              |     9 |     2 |       |       ||    11
       Whip              |       |     9 |    60 |   110 ||   179
       Tailslap          |       |       |    14 |    27 ||    41
       Kick              |       |       |     1 |       ||     1
       Headbutt          |       |       |     1 |       ||     1
       Quarterstaff      |       |       |    14 |    25 ||    39
       Lance             |       |       |       |     1 ||     1
 Cast: Magic Dart        |    63 |    83 |    53 |    12 ||   211
       Searing Ray       |     4 |    12 |    16 |    10 ||    42
       Fulminant Prism   |       |       |    35 |    52 ||    87
       Beastly Appendage |       |       |     2 |       ||     2
       Iskenderun's Myst |       |       |    20 |    26 ||    46
       Ozocubu's Armour  |       |       |     1 |     3 ||     4
Evoke: Wand              |       |       |       |     2 ||     2
       Tin of tremorston |       |       |       |     2 ||     2
  Use: Scroll            |       |     7 |     7 |     9 ||    23
       Potion            |       |     1 |     3 |     8 ||    12
 Stab: Sleeping          |       |     1 |       |       ||     1
       Distracted        |       |       |       |     1 ||     1
Armor: Skin              |     4 |     2 |    78 |   116 ||   200
Dodge: Dodged            |    17 |    17 |   117 |   109 ||   260
Block: Other             |       |       |    15 |    12 ||    27
       Reflection        |       |       |     3 |     9 ||    12
       Buckler           |       |       |       |    63 ||    63

Table legend: (Time is in decaauts)
 A = Elapsed time spent in this place.
 B = Non-inter-level travel time spent in this place.
 C = Inter-level travel time spent in this place.
 D = Time resting spent in this place.
 E = Time spent auto-exploring this place.
 F = Levels seen in this place.
 G = Mean time per level.
                   A        B        C        D        E       F      G
               +--------+--------+--------+--------+--------+-----+--------+
         Total |  13949 |  13463 |    486 |   2817 |   8569 |  13 | 1073.0 |
       Dungeon |  13342 |  12865 |    477 |   2707 |   8342 |  11 | 1212.9 |
        Temple |     55 |     46 |      9 |      0 |     31 |   1 |   55.0 |
      Gauntlet |    551 |    551 |      0 |    110 |    196 |   1 |  551.0 |
               +--------+--------+--------+--------+--------+-----+--------+

Top non-repeatable levels by time:
     D:6: 2568 daAuts
     D:7: 1712 daAuts
     D:1: 1539 daAuts
     D:2: 1381 daAuts
     D:4: 1284 daAuts
     D:9: 1266 daAuts
     D:5: 926 daAuts
    D:10: 896 daAuts
     D:3: 875 daAuts
     D:8: 836 daAuts
Gauntlet: 551 daAuts
  Temple: 55 daAuts
    D:11: 55 daAuts
